 Dungeon Crawl Stone Soup version 0.31-a0-636-ge1c0e020e0 (webtiles) character file.

Game seed: 8791428969091215036

213 rvierbuc the Conjurer (level 5, -8/38 HPs)
             Began as a Demonspawn Conjurer on Aug 26, 2023.
             Killed by divine providence
             ... invoked by an orc priest
              (13 damage)
             ... on level 3 of the Dungeon.
             The game lasted 00:04:32 (2055 turns).

rvierbuc the Conjurer (Demonspawn Conjurer)         Turns: 2055, Time: 00:04:33

Health: -8/38      AC:  4    Str:  8    XL:     5   Next: 59%
Magic:  15/18      EV: 12    Int: 21    God:
Gold:   121        SH:  0    Dex: 11    Spells: 6/9 levels left

rFire   . . .        h - +3 dagger (speed)
rCold   . . .        (no shield)
rNeg    . . .        a - +0 robe
rPois   .            (helmet restricted)
rElec   .            m - scarf {harm}
rCorr   .            l - +0 pair of gloves
SInv    .            d - +0 pair of boots
Will    .....        (no amulet)
Stlth   ++           g - ring of magical power
HPRegen 0.26/turn    (no ring)
MPRegen 0.16/turn

%: harm (+30% outgoing, +20% incoming)
@: no status effects
A: antennae 1, claws 1, spiny 1
a: no special abilities


You were on level 3 of the Dungeon.
You visited 1 branch of the dungeon, and saw 3 of its levels.

You collected 121 gold pieces.

Inventory:

Hand Weapons
 h - a +3 dagger of speed (weapon)
Armour
 a - a +0 robe (worn)
 d - a +0 pair of boots (worn)
 k - a +1 cloak
 l - a +0 pair of gloves (worn)
 m - a scarf of harm (worn)
Jewellery
 g - a ring of magical power (left hand)
 n - a ring of see invisible
Scrolls
 e - a scroll of amnesia {unknown}
 f - a scroll of butterflies {unknown}
 i - a scroll of immolation {unknown}
 j - 2 scrolls of brand weapon {unknown}
 o - a scroll of identify {unknown}
Potions
 b - a potion of magic
 c - 3 potions of heal wounds {unknown}
 p - a potion of lignification {unknown}
 q - a potion of curing {unknown}


   Skills:
 * Level 2.1 Fighting
 + Level 2.1 Dodging
 + Level 2.4 Stealth
 - Level 0.8 Unarmed Combat
 + Level 2.7 Spellcasting
 + Level 5.4 Conjurations


You had 6 spell levels left.
You knew the following spells:

 Your Spells              Type           Power      Damage    Failure   Level
a - Magic Dart            Conj           100%       1d8       1%          1
b - Searing Ray           Conj           50%        2d6       2%          2

Your spell library contained the following spells:

 Spells                   Type           Power      Damage    Failure   Level
 Dazzling Flash           Conj/Hex       28%        N/A       13%         3
 Fulminant Prism          Conj/Hex       7%         3d7       41%         4
 Iskenderun's Mystic Bla  Conj/Tloc      14%        2d5       41%         4
 Agony                    Necr           2%         N/A       98%         5
 Silence                  Hex/Air        1%         N/A       98%         5


Dungeon Overview and Level Annotations

Branches:
Dungeon (3/15)

Altars:
Trog


Innate Abilities, Weirdness & Mutations

You have a pair of small antennae on your head.
You have sharp fingernails.
You are partially covered in sharp spines.


Message History

A ball python comes into view.
The magic dart hits the ball python.
You kill the ball python!
q - a viscous white potion You hear the slow rusting of a drain very nearby.
A frilled lizard, an orc priest and a dart slug come into view.
There are monsters nearby!
The magic dart hits the dart slug!
You kill the dart slug!
The frilled lizard hisses angrily.
The orc priest shouts!
You hear a shout!
An orc priest comes into view. It is wielding a +0 club.
You hear a shout!
The magic dart hits the frilled lizard.
You kill the frilled lizard!
The magic dart hits the orc priest!
The orc priest is heavily wounded.
An orc comes into view. It is wielding a +0 dagger.
The magic dart hits the orc priest!
The orc priest is severely wounded.
The orc shouts!
The magic dart hits the orc priest.
The orc priest is severely wounded.
An orc wizard comes into view. It is wielding a +0 dagger.
The orc priest calls down the wrath of Beogh upon you.
Beogh smites you!
The orc priest invokes the aid of Beogh against you.
Beogh smites you!
An orc comes into view. It is wielding a +0 trident.
The orc wizard shouts!
The orc shouts!
You are too injured to fight recklessly!
The orc priest invokes the aid of Beogh against you.
Pain shoots through your body!
* * * LOW HITPOINT WARNING * * *
The orc priest invokes the aid of Beogh against you.
Pain shoots through your body!
* * * LOW HITPOINT WARNING * * *
An adder, a rat and a quokka come into view.
The orc priest calls down the wrath of Beogh upon you.
Beogh smites you!
You die...

##......≈.≈...≈.≈..#####
#......≈..._.≈.≈......####
####....≈.≈...§.≈.#.......#
#.......≈.≈§≈≈≈.≈...##....##
##.#....≈.......≈..........#
.
#.#..#.≈≈≈≈≈≈≈≈≈...##.....#
.o
##...#.............##.....#
..o
###.#.........##........##
....
#.......@<..<##.....)..#
...oo
#......########.#.##.###
....8.##o###.# #......#
......o..# #.# ###.####
...o.###.# #S# #.# ... #.#
~~~ ##.# . #.# ~r~ #..# #..
#~## #### ### r#


You could see an orc priest.

Vanquished Creatures
  Sigmund (D:2)
  An adder (D:2)
  A dart slug (D:3)
  An orc (D:3)
  7 ball pythons
  4 bats
  5 endoplasms
  2 goblins (D:1)
  3 hobgoblins (D:1)
  5 kobolds
  A quokka (D:1)
  3 frilled lizards
  4 rats (D:2)
38 creatures vanquished.

Notes
Turn   | Place    | Note
-------+----------+-------------------------------------------
     0 | D:1      | rvierbuc the Demonspawn Conjurer began the quest for the
                  | Orb.
     0 | D:1      | Reached XP level 1. HP: 13/13 MP: 3/3
   318 | D:1      | Discovered your monstrous ancestry.
   318 | D:1      | Gained mutation: You have sharp fingernails. [demonic
                  | ancestry]
   318 | D:1      | Reached XP level 2. HP: 10/19 MP: 1/5
  1052 | D:2      | Gained mutation: You are partially covered in sharp spines.
                  | [demonic ancestry]
  1052 | D:2      | Reached XP level 3. HP: 25/25 MP: 6/6
  1378 | D:2      | Reached skill level 1 in Fighting
  1394 | D:2      | Noticed Sigmund
  1408 | D:2      | Killed Sigmund
  1409 | D:2      | Reached skill level 5 in Conjurations
  1409 | D:2      | Reached XP level 4. HP: 19/33 MP: 4/8
  1409 | D:2      | Gained mutation: You have a pair of small antennae on your
                  | head. [demonic ancestry]
  1409 | D:2      | Reached XP level 5. HP: 22/38 MP: 4/9
  1414 | D:2      | Learned a level 2 spell: Searing Ray
  1936 | D:3      | Found a bloodstained altar of Trog.
  2055 | D:3      | Killed from afar by an orc priest

Illustrated notes

Levels and vault maps discovered:
D:1:      co_arrival_random_square_maze, layout_loops_ring
D:2:      layout_basic, serial_curves, eino_curves_04, eino_curves_03,
          eino_curves_02, minmay_tiny_reverse_x, uniq_sigmund
D:3:      minmay_skewed_foursquare, layout_loops_cross,
          mainiacjoe_overflow_concentric_impassable, gup_sewer_entry_bubbles,
          minmay_starry_boxes

Skill      XL: |  1  2  3 |
---------------+----------+-----
Stealth        | 2 |  2.4
Fighting       | 2 |  2.1
Dodging        | 2 |  2.1
Conjurations   | 5 |  5.4
Unarmed Combat | |  0.8
Spellcasting   | |  2.7

Action                     |  1- 3 |  4- 6 || total
---------------------------+-------+-------++-------
  Melee: Unarmed           |    16 |       ||    16
         Dagger            |     1 |       ||     1
   Cast: Magic Dart        |    58 |    12 ||    70
    Use: Scroll            |       |     1 ||     1
 Armour: Robe              |     7 |       ||     7
  Dodge: Dodged            |    14 |       ||    14

Table legend: (Time is in decaauts)
 A = Elapsed time spent in this place.
 B = Non-inter-level travel time spent in this place.
 C = Inter-level travel time spent in this place.
 D = Time resting spent in this place.
 E = Time spent auto-exploring this place.
 F = Levels seen in this place.
 G = Mean time per level.
                   A        B        C        D        E       F      G
               +--------+--------+--------+--------+--------+-----+--------+
         Total |   2053 |   1991 |     62 |      0 |   1764 |   3 |  684.3 |
       Dungeon |   2053 |   1991 |     62 |      0 |   1764 |   3 |  684.3 |
               +--------+--------+--------+--------+--------+-----+--------+

Top non-repeatable levels by time:
     D:1: 1040 daAuts
     D:2: 893 daAuts
     D:3: 118 daAuts
